 Dungeon Crawl Stone Soup version 0.27.1-35-g4d5d836560 (webtiles) character file.

Game seed: 5600503720760340622

2 cbfl8 the Sneak (level 1, -7/20 HPs)
             Began as a Minotaur Delver on Mar 14, 2022.
             Mangled by an iguana (9 damage)
             ... on level 5 of the Dungeon.
             The game lasted 00:00:18 (52 turns).

cbfl8 the Sneak (Minotaur Delver)                     Turns: 52, Time: 00:00:18

Health: -7/20      AC:  3    Str: 16    XL:     1   Next: 25%
Magic:  0/0        EV: 11    Int:  7    God:
Gold:   0          SH:  0    Dex: 11    Spells: 0/0 levels left

rFire    . . .     SeeInvis .   a - +0 hand axe
rCold    . . .     Faith    .   (no shield)
rNeg     . . .     Spirit   .   b - +0 leather armour
rPois    .         Reflect  .   (helmet restricted)
rElec    .         Harm     .   (no cloak)
rCorr    .         Rampage  .   (no gloves)
Will     .....                  (no boots)
Stlth    ++........             (no amulet)
HPRegen  0.06/turn              (no ring)
MPRegen  0.07/turn              (no ring)

@: no status effects
A: horns 2, retaliatory headbutt
a: no special abilities


You were on level 5 of the Dungeon.
You visited 1 branch of the dungeon, and saw 1 of its levels.

Inventory:

Hand Weapons
 a - a +0 hand axe (weapon)
Armour
 b - a +0 leather armour (worn)
Wands
 g - a wand of digging (3)
Scrolls
 c - a scroll of fog
 e - a scroll of fear
Potions
 f - a potion of haste


   Skills:
 + Level 3.6 Fighting
 + Level 2.4 Axes
 + Level 2.2 Dodging
 + Level 4.1 Stealth


You couldn't memorise any spells.
You didn't know any spells.
Your spell library was empty.

Dungeon Overview and Level Annotations

Branches:
Dungeon (5/15)
 Temple: D:4-7

Altars:


Innate Abilities, Weirdness & Mutations

You have a pair of horns on your head.
You reflexively headbutt those who attack you in melee.


Message History

Welcome, cbfl8 the Minotaur Delver.
Will you prevail where others failed? Will you find the Orb of Zot?
Press ? for a list of commands and other information.
Found a stone staircase leading down.
As you read the scroll of magic mapping, it crumbles to dust.
You feel aware of your surroundings.
You sensed 1 shop/portal.
A sky beast comes into view.
An iguana comes into view.
Found 28 stones and 8 gold pieces.
An orc wizard comes into view. It is wielding a +0 dagger.
The orc wizard moves out of view.
An orc comes into view. It is wielding a +0 club.
The iguana bites you!
Ouch! That really hurt!
The orc shouts!
You hear a shout! x3
You hit the orc but do no damage. You hit the iguana but do no damage.
The iguana closely misses you. The orc hits you but does no damage.
An orc priest comes into view. It is wielding a +0 whip.
The iguana barely misses you.
You hit the orc.
The orc is moderately wounded.
You barely miss the iguana. The orc hits you but does no damage.
The iguana bites you.
* * * LOW HITPOINT WARNING * * *
You slash the orc!
You kill the orc!
You hit the iguana but do no damage. The iguana barely misses you.
You hit the orc priest.
The orc priest is moderately wounded.
You hit the iguana but do no damage.
The orc priest hits you but does no damage.
The iguana closely misses you.
You hit the orc priest.
The orc priest is heavily wounded.
You completely miss the iguana.
A centaur skeleton comes into view.
The orc priest barely misses you. The iguana bites you!
You die...

#.##.# *******,*,* #.##.#
*,*,* ###.##.###### *,*,* *
#...........##*********
#.###.........,*,,,,,,* #.*
#..#####.#**,,,,,,* #,* #..#
*,,,*,,*,*,+ *,* #.l#
*,,©*,,©,,,+ *,*
#.@#*****,,*,,*,*,+ *,*
#.oo..# *,,*,,,,,,* *****
##.##Z#*****,,,,,,*
***≈≈≈***...,,.# ********
**≈≈≈≈,,,*#.#*,,#* *,**,**
*≈≈≈≈,,,,,###*,,,*****,**,*
*≈≈≈≈≈,,,,,,,,,,,,,,,,,**,*
*≈≈≈≈≈,,,,,,,,,,,********,*
*≈≈≈≈≈,,,,,,,,,,,,,,,,,,,,**


You could see an iguana, an orc priest, an orc wizard and a centaur skeleton
(wandering).

Vanquished Creatures
  An orc (D:5)
1 creature vanquished.

Notes
Turn   | Place    | Note
-------+----------+-------------------------------------------
     0 | D:5      | cbfl8 the Minotaur Delver began the quest for the Orb.
     0 | D:5      | Reached XP level 1. HP: 19/19 MP: 0/0
    10 | D:5      | Noticed a sky beast
    11 | D:5      | Noticed an iguana
    40 | D:5      | Noticed an orc wizard
    48 | D:5      | Noticed an orc priest
    52 | D:5      | Mangled by an iguana

Illustrated notes

Levels and vault maps discovered:
D:5:      gammafunk_cloud_chamber, layout_loops_ring, serial_shops,
          nicolae_shop_stone, nicolae_underground_beach

Action                   || total
-------------------------++-------
Melee: Hand axe          ||     5
  Use: Scroll            ||     1
Armor: Leather armour    ||     3
Dodge: Dodged            ||     5
